 Dungeon Crawl Stone Soup version 0.22-a0-393-g7f50228 (webtiles) character file.

6393 wjh11 the Cleaver (level 10, 0/139 HPs)
             Began as a Minotaur Berserker on May 2, 2018.
             Was an Elder of Trog.
             Slain by an orc knight
             ... wielding a +0 war axe
              (8 damage)
             ... in a bailey.
             The game lasted 00:25:18 (9614 turns).

wjh11 the Cleaver (Minotaur Berserker)              Turns: 9614, Time: 00:25:19

Health: 0/139      AC: 19    Str: 32    XL:     10   Next: 66%
Magic:  9/9        EV:  9    Int:  4    God:    Trog [****..]
Gold:   911        SH:  8    Dex: 11    Spells: 9/9 levels left

rFire    . . .     SeeInvis .   a - +0 hand axe
rCold    . . .     Gourm    .   n - +2 buckler
rNeg     . . .     Faith    .   C - +0 plate armour
rPois    +         Spirit   .   (helmet restricted)
rElec    .         Reflect  .   H - +1 cloak {rPois}
rCorr    .         Harm     .   x - +2 pair of gloves
MR       .....                  (no boots)
Stlth    ..........             (no amulet)
HPRegen  0.33/turn              D - +3 ring of strength
MPRegen  0.11/turn              f - ring of flight

@: berserking, very quick
A: retaliatory headbutt, horns 2
a: Berserk, Trog's Hand, Brothers in Arms, Renounce Religion, Evoke Flight


You were in a bailey.
You worshipped Trog.
Trog was greatly pleased with you.
You were not hungry.

You visited 1 branch of the dungeon, and saw 9 of its levels.
You also visited: Bailey.

You collected 911 gold pieces.

Inventory:

Hand Weapons
 a - a +0 hand axe (weapon)
Missiles
 M - 28 tomahawks of returning (quivered)
 O - 2 throwing nets
Armour
 b - the +1 chain mail of Ethics {rPois rN+ Str-2 Int+10}
   (You found it on level 7 of the Dungeon)

   It affects your strength (-2).
   It affects your intelligence (+10).
   It protects you from poison.
   It protects you from negative energy.
 k - a +0 large shield
 n - a +2 buckler (worn)
 x - a +2 pair of gloves (worn)
 C - a +0 plate armour (worn)
 H - a +1 cloak of poison resistance (worn)
Jewellery
 f - a ring of flight (right hand)
 t - an uncursed ring of resist corrosion
 y - an uncursed ring of positive energy
 D - a +3 ring of strength (left hand)
 E - an uncursed ring of fire
 G - a +3 ring of dexterity
Wands
 B - a wand of enslavement (21)
 I - a wand of polymorph (1)
 L - a wand of iceblast (19)
Scrolls
 d - 10 scrolls of remove curse
 e - 2 scrolls of fear
 g - 3 scrolls of magic mapping
 i - 2 scrolls of random uselessness
 m - 2 scrolls of enchant armour
 r - a scroll of identify
 u - a scroll of enchant weapon
 w - 3 scrolls of teleportation
 A - a scroll of immolation
Potions
 h - 2 potions of agility {unknown}
 j - 2 potions of berserk rage {unknown}
 l - a potion of mutation {unknown}
 o - a potion of haste
 p - 2 potions of might {unknown}
 q - 4 potions of heal wounds {unknown}
 s - 6 potions of curing {unknown}
 v - 2 potions of brilliance {unknown}
 z - 2 potions of magic {unknown}
 F - a potion of lignification {unknown}
 J - a potion of ambrosia {unknown}
 K - 2 potions of degeneration {unknown}
Comestibles
 c - 10 rations
 N - 4 chunks of flesh


   Skills:
 + Level 9.8 Fighting
 * Level 13.0 Axes
 + Level 7.5 Armour
 - Level 2.1 Dodging
 + Level 8.8 Shields


You had 9 spell levels left.
You didn't know any spells.

Dungeon Overview and Level Annotations

Branches:
Dungeon (9/15)             Temple (0/1) D:7
   Lair: D:8-11         Orc: D:9-12

Altars:
Gozag
Qazlal

Shops:
D:8 (   D:9 (


Innate Abilities, Weirdness & Mutations

You reflexively headbutt those who attack you in melee.
You have a pair of horns on your head.


Message History

The orc warrior is almost dead.
You slash the orc knight! You closely miss the orc warrior.
You kill the orc warrior!
Trog accepts your kill.
Your Axes skill increases to level 13!
You barely miss the orc knight.
The orc knight hits you but does no damage.
You barely miss the orc knight.
The orc knight is moderately wounded.
You barely miss the orc knight.
The orc knight is moderately wounded.
You closely miss the orc knight. You headbutt the orc knight!!
The orc knight is heavily wounded.
You slash the orc!
You feel the power of Trog in you as your rage grows.
You kill the orc!
Trog accepts your kill. The orc knight hits you with a war axe!
You die...

## #...Koo.####..≈≈≈≈≈≈
####'####K.#..)..≈≈≈
g.....(.###....).
###)('.#....)# #)(###......
#.(#....⌠.†. ..#####
##'#).......
.......#########...........
#.........@).).)........###
###########o#############
#.# .## ##


You could see an orc knight.

Vanquished Creatures
  The ghost of sparklingmilk the Basher, a novice DsBe of Trog (D:8)
  2 orc knights (Bailey)
  Prince Ribbit (D:8)
  Sigmund (D:2)
  A wyvern (D:8)
  2 vampire mosquitoes (D:9)
  A steam dragon (D:9)
  Eustachio (D:4)
  Menkaure (D:6)
  2 hungry ghosts
  6 orc warriors
  3 ice beasts
  A black bear (D:7)
  A phantom (D:6)
  5 ogres
  A big kobold (D:7)
  3 bullfrogs (D:7)
  2 gnoll sergeants
  2 scorpions
  8 killer bees
  The ghost of sparklingmilk the Skirmisher, a weakling DsBe of Trog (D:3)
  3 howler monkeys
  A crimson imp (D:6)
  A centaur zombie (D:5)
  A quasit (D:7)
  2 orc priests
  4 hounds
  Crazy Yiuf (D:6)
  2 jellies
  Terence (D:2)
  2 iguanas
  4 worker ants
  A hound zombie (D:5)
  3 worker ant zombies
  12 gnolls
  11 adders
  An ooze (D:1)
  2 adder skeletons
  A worm (D:5)
  3 dart slugs
  5 leopard geckos
  22 orcs
  5 giant cockroaches
  17 goblins
  4 hobgoblins
  8 jackals
  22 kobolds
  3 quokkas
  2 ball pythons
  4 bats
  6 frilled lizards
  A giant cockroach zombie (D:5)
  2 rats (D:1)
203 creatures vanquished.

Vanquished Creatures (collateral kills)
  An orc knight (Bailey)
1 creature vanquished.

Vanquished Creatures (others)
  An adder (D:9)
1 creature vanquished.

Grand Total: 205 creatures vanquished

Notes
Turn   | Place    | Note
-------+----------+-------------------------------------------
     0 | D:1      | wjh11 the Minotaur Berserker began the quest for the Orb.
     0 | D:1      | Reached XP level 1. HP: 19/19 MP: 0/0
    31 | D:1      | Reached skill level 4 in Axes
    60 | D:1      | Reached XP level 2. HP: 11/27 MP: 1/1
   554 | D:1      | Reached XP level 3. HP: 32/33 MP: 2/2
   821 | D:1      | Reached ** piety under Trog
  1170 | D:2      | Reached skill level 5 in Axes
  1265 | D:2      | Noticed Sigmund
  1279 | D:2      | Killed Sigmund
  1279 | D:2      | Reached skill level 5 in Fighting
  1279 | D:2      | Reached skill level 6 in Axes
  1279 | D:2      | Reached XP level 4. HP: 42/42 MP: 3/3
  1279 | D:2      | Reached XP level 5. HP: 48/48 MP: 4/4
  1754 | D:2      | Noticed Terence
  1763 | D:2      | Killed Terence
  1984 | D:3      | Reached XP level 6. HP: 56/56 MP: 5/5
  2082 | D:3      | Noticed sparklingmilk's ghost (weakling DsBe)
  2094 | D:3      | Killed sparklingmilk's ghost
  2796 | D:4      | Reached skill level 7 in Axes
  2824 | D:4      | Found a stormy altar of Qazlal.
  3702 | D:5      | Entered Level 5 of the Dungeon
  3702 | D:5      | Noticed Eustachio
  3761 | D:4      | Killed Eustachio
  3761 | D:4      | Reached XP level 7. HP: 39/63 MP: 6/6
  3961 | D:5      | Noticed a hungry ghost
  3979 | D:5      | Killed a hungry ghost
  3979 | D:5      | Reached *** piety under Trog
  3979 | D:5      | Reached skill level 8 in Axes
  5027 | D:6      | Found an opulent altar of Gozag.
  5027 | D:6      | Noticed Menkaure
  5037 | D:6      | Killed Menkaure
  5037 | D:6      | Reached skill level 9 in Axes
  5037 | D:6      | Reached skill level 5 in Shields
  5037 | D:6      | Reached XP level 8. HP: 36/71 MP: 7/7
  5889 | D:6      | Found a runed door.
  6038 | D:6      | Noticed Crazy Yiuf
  6043 | D:6      | Killed Crazy Yiuf
  6111 | D:7      | Reached skill level 10 in Axes
  6412 | D:7      | Found a staircase to the Ecumenical Temple.
  6476 | D:7      | Got an ancient chain mail
  6482 | D:7      | Identified the +1 chain mail of Ethics {rPois rN+ Str-2 Int+10} (You found it on level 7 of the Dungeon)
  6547 | D:7      | Reached XP level 9. HP: 66/80 MP: 8/8
  6628 | D:7      | Reached **** piety under Trog
  6820 | D:7      | Reached skill level 5 in Armour
  7291 | D:7      | Reached skill level 11 in Axes
  7482 | D:8      | Noticed sparklingmilk's ghost (novice DsBe)
  7564 | D:8      | Killed sparklingmilk's ghost
  7817 | D:8      | Reached XP level 10. HP: 65/91 MP: 9/9
  8223 | D:8      | Found Qiatu's Antique Weapon Emporium.
  8394 | D:8      | Noticed Prince Ribbit
  8405 | D:8      | Killed Prince Ribbit
  8405 | D:8      | Reached skill level 12 in Axes
  8587 | D:9      | Found Lobocvoe's Antique Weapon Shop.
  8613 | D:9      | Noticed a two-headed ogre
  9000 | D:9      | Found a flagged portal.
  9007 | Bailey   | Entered a bailey
  9270 | Bailey   | Noticed an orc knight
  9289 | Bailey   | Noticed an orc knight
  9292 | Bailey   | Noticed an orc knight
  9427 | Bailey   | Noticed an orc knight
  9548 | Bailey   | Killed an orc knight
  9594 | Bailey   | Killed an orc knight
  9609 | Bailey   | Killed an orc knight
  9611 | Bailey   | Reached skill level 13 in Axes
  9614 | Bailey   | Slain by an orc knight

Vault maps used:
D:1:      dpeg_arrival_tiny_g, minmay_tromino_v4_a
D:2:      minmay_goblin_kobold_house, uniq_sigmund, uniq_terence
D:4:      nicolae_qazlal_eye_of_the_storm
D:5:      first_ration, uniq_eustachio
D:6:      hex_medium, nicolae_gozag_seed_capital, uniq_menkaure,
          uniq_crazy_yiuf_cottage
D:7:      minmay_temple_entry_trees
D:8:      serial_shops, nicolae_shop_trees, uniq_prince_ribbit1
D:9:      tso_metal_star, serial_shops, nicolae_shop_waterfront, enter_bailey_3,
          uniq_gastronok
Bailey:   bailey_axe_4, bailey

Skill      XL: |  1  2  3  4  5  6  7  8  9 10 |
---------------+-------------------------------+-----
Axes           | 4 6 7 9 10 11 13 | 13.0
Fighting       | 4 5 6 7 9 |  9.8
Shields        | 2 4 5 6 7 8 |  8.8
Armour         | 4 6 7 |  7.5
Dodging        | |  2.1

Action                   |  1- 3 |  4- 6 |  7- 9 | 10-12 || total
-------------------------+-------+-------+-------+-------++-------
Melee: Hand axe          |    66 |   137 |   366 |   143 ||   712
       Headbutt          |    11 |    28 |    92 |    31 ||   162
       Unarmed           |       |    21 |       |       ||    21
Throw: Tomahawk          |       |       |       |    23 ||    23
       Throwing net      |       |       |       |     4 ||     4
Invok: Berserk           |     1 |     2 |     4 |     4 ||    11
       Trog's Hand       |       |     1 |     3 |     2 ||     6
       Brothers in Arms  |       |       |       |     1 ||     1
 Abil: Evoke Flight      |       |       |       |     1 ||     1
  Use: Scroll            |       |       |     2 |     7 ||     9
  Eat: Chunk             |     1 |     9 |    11 |     5 ||    26
       Ration            |       |       |     4 |     2 ||     6
Armor: Animal skin       |     9 |       |       |       ||     9
       Ring mail         |     4 |    35 |    14 |       ||    53
       Plate armour      |       |       |    91 |   124 ||   215
       Chain mail        |       |       |     2 |       ||     2
       Skin              |       |       |     1 |     4 ||     5
Dodge: Dodged            |    36 |    53 |    45 |   102 ||   236
Block: Large shield      |     6 |   113 |   235 |    19 ||   373
       Buckler           |       |       |       |    87 ||    87

Table legend:
 A = Spawn XP
 B = Non-spawn XP
 C = Spawn XP percentage of total XP
 D = Spawn monster count
 E = Non-spawn monster count
 F = Spawn count percentage of total count
 G = Total turns spent on level
                    A         B        C        D         E        F      G
               +---------+---------+-------+---------+---------+-------+---------
         Total |       0 |    9134 |   0.0 |       0 |     205 |   0.0 |  9614
               +---------+---------+-------+---------+---------+-------+---------
           D:1 |       0 |      53 |   0.0 |       0 |      24 |   0.0 |  1088
           D:2 |       0 |     322 |   0.0 |       0 |      17 |   0.0 |   835
           D:3 |       0 |     124 |   0.0 |       0 |      15 |   0.0 |   817
           D:4 |       0 |     406 |   0.0 |       0 |      14 |   0.0 |  1189
           D:5 |       0 |     468 |   0.0 |       0 |      14 |   0.0 |  1526
           D:6 |       0 |     993 |   0.0 |       0 |      19 |   0.0 |   646
           D:7 |       0 |    1514 |   0.0 |       0 |      37 |   0.0 |  1368
           D:8 |       0 |    2420 |   0.0 |       0 |      25 |   0.0 |  1392
           D:9 |       0 |     940 |   0.0 |       0 |      17 |   0.0 |   146
        Bailey |       0 |    1894 |   0.0 |       0 |      23 |   0.0 |   607
               +---------+---------+-------+---------+---------+-------+---------
